 Dungeon Crawl Stone Soup version 0.29-a0-617-g7a6b98fccd (webtiles) character file.

Game seed: 11053816035915767898

78 dolemite99 the Digger (level 4, 0/24 HPs)
             Began as a Gargoyle Earth Elementalist on June 18, 2022.
             Was an Initiate of Makhleb.
             Slain by a goblin
             ... wielding a +0 war axe
             ... led by Robin
              (8 damage)
             ... on level 3 of the Dungeon.
             The game lasted 00:03:20 (2617 turns).

dolemite99 the Digger (Gargoyle Earth Elementalist) Turns: 2617, Time: 00:03:21

Health: 0/24       AC:  5    Str: 11    XL:     4   Next: 36%
Magic:  6/8        EV: 12    Int: 18    God:    Makhleb [......]
Gold:   118        SH:  0    Dex: 10    Spells: 4/8 levels left

rFire   . . .      SeeInvis .   a - +1 dagger (venom)
rCold   + . .      Faith    .   (no shield)
rNeg    + . .      Spirit   .   n - +0 robe
rPois   ∞          Reflect  .   (no helmet)
rElec   +          Harm     .   (no cloak)
rCorr   .          Rampage  .   (no gloves)
Will    .....                   (no boots)
Stlth   ++........              (no amulet)
HPRegen 0.08/turn               l - ring of protection from cold
MPRegen 0.11/turn               (no ring)

@: no status effects
A: sickness immunity, AC +3, negative energy resistance 1, electricity
resistance, torment resistance 1, petrification resistance
a: Renounce Religion


You were on level 3 of the Dungeon.
You worshipped Makhleb.
Makhleb was noncommittal.
You visited 1 branch of the dungeon, and saw 3 of its levels.

You collected 118 gold pieces.

Inventory:

Hand Weapons
 a - a +1 dagger of venom (weapon)
 c - a +0 short sword
 d - a +0 hand axe
 e - a +0 rapier
 g - a +2 dagger of flaming
 m - a +0 mace
Missiles
 o - a boomerang of dispersal
Armour
 n - a +0 robe (worn)
Jewellery
 l - a ring of protection from cold (left hand)
 r - an amulet of guardian spirit
Scrolls
 h - a scroll of blinking {unknown}
 j - a scroll of torment {unknown}
 k - a scroll of fog {unknown}
 p - 2 scrolls of identify {unknown}
Potions
 b - 2 potions of magic
 f - a potion of attraction {unknown}
 i - a potion of flight {unknown}
 q - a potion of brilliance {unknown}
 s - a potion of haste {unknown}


   Skills:
 - Level 2.0 Dodging
 - Level 2.8 Stealth
 + Level 2.7 Spellcasting
 - Level 1.3 Transmutations
 + Level 4.4 Earth Magic


You had 4 spell levels left.
You knew the following spells:

 Your Spells              Type           Power      Damage    Failure   Level
a - Sandblast             Erth           36%        2d10      2%          1
b - Stone Arrow           Conj/Erth      20%        3d8       21%         3

Your spell library contained the following spells:

 Spells                   Type           Power      Damage    Failure   Level
 Passwall                 Tmut/Erth      10%        N/A       8%          2
 Petrify                  Tmut/Erth      12%        N/A       45%         4


Dungeon Overview and Level Annotations

Branches:
Dungeon (3/15)

Altars:
Makhleb

Shops:
D:3 (

Annotations:
D:3 Robin


Innate Abilities, Weirdness & Mutations

You are immune to sickness and miasma.
Your stone body is resilient. (AC +3)
You are immune to poison.
You resist negative energy. (rN+)
You are resistant to electric shocks. (rElec)
You are resistant to unholy torment.
You are immune to petrification.


Message History

Casting: Sandblast (safe; 2% risk of failure)
Confirm with . or Enter, or press ? or * to list all spells.
Aiming: Sandblast (safe; 2% risk of failure)
Press: ? - help, Shift-Dir - straight line, f - goblin
Aim: a goblin, wielding a +0 dagger (74% to hit)
The blast of sand misses the goblin.
An ice beast comes into view.
The goblin hits you but does no damage. The goblin barely misses you.
Robin says, "My goblins will feast on your bones."
The goblin attacks as you move away! The goblin closely misses you.
Casting: Sandblast (safe; 2% risk of failure)
Confirm with . or Enter, or press ? or * to list all spells.
Aiming: Sandblast (safe; 2% risk of failure)
Press: ? - help, Shift-Dir - straight line, f/p - goblin
Aim: a goblin, wielding a +0 dagger (74% to hit)
The blast of sand hits the goblin!!
You kill the goblin!
Makhleb accepts your kill. The goblin misses you. The goblin barely misses you.
The goblin shoots a sling bullet.
The sling bullet hits you but does no damage.
The goblin hits you with a +0 club. The goblin hits you with a +0 war axe.
Robin throws the goblin at you!
The goblin shoots a sling bullet.
The sling bullet hits you. The goblin hits you with a +0 dagger.
You hit the goblin.
The goblin is poisoned.
The goblin is moderately wounded.
The goblin hits you with a +0 dagger. The goblin hits you but does no damage.
There are no items here.
There are no items here.
You can't go up here!
Casting: Sandblast (safe; 2% risk of failure)
Confirm with . or Enter, or press ? or * to list all spells.
Aiming: Sandblast (safe; 2% risk of failure)
Press: ? - help, Shift-Dir - straight line, f - goblin
Aim: a goblin, wielding a +0 dagger (moderately wounded, very poisoned, 74% to hit)
The blast of sand hits the goblin!
You kill the goblin!
Makhleb accepts your kill. The goblin hits you with a +0 club.
The goblin hits you with a +0 war axe!
You die...

#.........'.............
#.##.####.#.............
#.##......'.............
#.#######.#.$.........).
#.# #.#............. #.#
#.#......$......
#.#######.#..g)gY.......
#.#.......#..gg.........
#............@g.........
#...........<...........
#................#......
#..............###.#####
##.........#.#.# .#
#.........#.#.#
#.........#.#.#
#.........#.#.#
##.###'#. ..#


You could see an ice beast, Robin, a hobgoblin and 3 goblins.

Vanquished Creatures
  An adder (D:2)
  A worm (D:3)
  2 dart slugs (D:1)
  3 orcs (D:2)
  7 bats
  2 endoplasms (D:1)
  A giant cockroach (D:1)
  8 hobgoblins
  4 jackals (D:2)
  4 kobolds
  A quokka (D:1)
  7 ball pythons
  3 frilled lizards
  8 goblins
  2 rats
54 creatures vanquished.

Notes
Turn   | Place    | Note
-------+----------+-------------------------------------------
     0 | D:1      | dolemite99 the Gargoyle Earth Elementalist began the quest
                  | for the Orb.
     0 | D:1      | Reached XP level 1. HP: 10/10 MP: 3/3
   228 | D:2      | You fall into a shaft and drop 1 floor!
   374 | D:3      | Found Mehitotoqu's Weapon Boutique.
   400 | D:3      | Noticed Robin
   420 | D:3      | Reached skill level 1 in Transmutations
   420 | D:3      | Reached XP level 2. HP: 13/15 MP: 0/5
  1099 | D:1      | Reached XP level 3. HP: 19/19 MP: 4/6
  1195 | D:1      | Reached skill level 4 in Earth Magic
  1821 | D:1      | Learned a level 3 spell: Stone Arrow
  1947 | D:2      | Reached XP level 4. HP: 17/24 MP: 4/7
  2378 | D:2      | Found a burning altar of Makhleb.
  2402 | D:2      | Became a worshipper of Makhleb the Destroyer
  2611 | D:3      | Noticed an ice beast
  2617 | D:3      | Slain by a goblin

Illustrated notes

Levels and vault maps discovered:
D:1:      saegor_arrival_simple_d, layout_loops_ring, grunt_decor_fettered
D:2:      layout_loops_ring, basic_altar
D:3:      layout_basic, cheibriados_altar_1, xom_butterflies,
          minmay_overflow_temple_star_quad, serial_shops, shop, shop,
          nicolae_shop_bloodbath_and_beyond, nicolae_shop_hallway_stairs, shop,
          chequers_ecumenical_altar_island, uniq_robin, uniq_jessica

Skill      XL: |  1  2  3 |
---------------+----------+-----
Transmutations | 1 |  1.3
Earth Magic    | 4 |  4.4
Dodging        | 2 |  2.0
Stealth        | |  2.8
Spellcasting   | |  2.7

Action                   |  1- 3 |  4- 6 || total
-------------------------+-------+-------++-------
Melee: Unarmed           |     5 |       ||     5
       Hand axe          |     5 |       ||     5
       Rapier            |     1 |       ||     1
       Dagger            |     9 |    14 ||    23
 Cast: Sandblast         |    61 |    10 ||    71
  Use: Scroll            |       |     1 ||     1
Armor: Robe              |    26 |     5 ||    31
Dodge: Dodged            |    45 |    13 ||    58

Table legend: (Time is in decaauts)
 A = Elapsed time spent in this place.
 B = Non-inter-level travel time spent in this place.
 C = Inter-level travel time spent in this place.
 D = Time resting spent in this place.
 E = Time spent auto-exploring this place.
 F = Levels seen in this place.
 G = Mean time per level.
                   A        B        C        D        E       F      G
               +--------+--------+--------+--------+--------+-----+--------+
         Total |   2688 |   2639 |     49 |    730 |   1344 |   3 |  896.0 |
       Dungeon |   2688 |   2639 |     49 |    730 |   1344 |   3 |  896.0 |
               +--------+--------+--------+--------+--------+-----+--------+

Top non-repeatable levels by time:
     D:2: 1076 daAuts
     D:1: 1048 daAuts
     D:3: 564 daAuts
